cohdb
Replays
Latest Replays
All Replays
Popular Replays
Top Player Replays
Match Explorer
How It Works
Community
CoH3 Stats
Reddit
Sign in to upload your games and track your stats! →
Sign in with Steam
Match 41488236
Unlisted
Match 41488236
Overview
Messages
Build Orders
End
Panzergrenadier Squad
Selects Panzerjäger Kommand Battlegroup
Selects Mine Fields
Panzerpioneer Squad
Panzergrenadier Squad
Construct Light Support Kompanie
Assault Grenadier Squad
Fire Support Elements
MG34 Team
Selects Tank Busters
Panzerjäger Mechanized Group
Vehicle Survival Package
Construct Panzerarmee Kommand
Selects Crew Shock Tactics
Selects Defensive Positions
Walking Stuka Rocket Launcher
Assault Grenadier Squad
Panzer III L Medium Tank
Panzerjäger Squad
Emergency Repair Kits
Panzer III L Medium Tank
Panzerjäger Squad
Tungsten Core Ammunition
ManFrau
마사장
amfriendly
Ashbee
Elphiroce
Colonel Phreeze
0
0
Comments
sign in to comment!
No comments posted yet!